 Dungeon Crawl Stone Soup version 0.22-a0-879-g615c57abe7 (webtiles) character file.

30 LLavrengius the Sneak (level 3, 0/32 HPs)
             Began as a Naga Wizard on July 30, 2018.
             Slain by a frilled lizard (1 damage)
             ... on level 2 of the Dungeon.
             The game lasted 00:05:43 (1011 turns).

LLavrengius the Sneak (Naga Wizard)                 Turns: 1011, Time: 00:05:44

Health: 0/32       AC:  2    Str:  9    XL:     3   Next: 18%
Magic:  1/7        EV: 10    Int: 19    God:
Gold:   64         SH:  0    Dex:  9    Spells: 3/8 levels left

rFire    . . .     SeeInvis +   g - +0 whip (elec)
rCold    . . .     Gourm    .   (no shield)
rNeg     . . .     Faith    .   a - +0 robe
rPois    +         Spirit   .   b - +0 hat
rElec    .         Reflect  .   (no cloak)
rCorr    .         Harm     .   (no gloves)
MR       .....                  (no barding)
Stlth    ++........             (no amulet)
HPRegen  0.10/turn              (no ring)
MPRegen  0.10/turn              (no ring)

@: very slow
A: large, see invisible, deformed body, poison resistance, slowness 2, slow
metabolism 1, spit poison 1, AC +1
a: Spit Poison


You were on level 2 of the Dungeon.
You were not hungry.

You visited 1 branch of the dungeon, and saw 2 of its levels.

You collected 64 gold pieces.

Inventory:

Hand Weapons
 e - a +0 mace
 g - a +0 whip of electrocution (weapon)
Missiles
 c - 25 stones (quivered)
 h - 2 tomahawks
Armour
 a - a +0 robe (worn)
 b - a +0 hat (worn)
Scrolls
 f - a scroll of fear {unknown}
 i - a scroll of teleportation {unknown}
 k - a scroll of remove curse {unknown}
 l - a scroll of noise {unknown}
Potions
 j - a potion of curing {unknown}
Comestibles
 d - 2 rations


   Skills:
 + Level 1.6 Fighting
 + Level 0.6 Maces & Flails
 - Level 1.5 Dodging
 - Level 3.0 Stealth
 - Level 3.0 Spellcasting
 + Level 2.1 Conjurations
 - Level 1.0 Summonings
 - Level 1.0 Translocations


You had 3 spell levels left.
You knew the following spells:

 Your Spells              Type           Power        Failure   Level  Hunger
a - Magic Dart            Conj           ##..         6%          1    None
b - Call Imp              Summ           #.......     16%         2    ##.....
c - Blink                 Tloc           N/A          16%         2    ##.....

Your spell library contained the following spells:

 Spells                   Type           Power        Failure   Level  Hunger
 Conjure Flame            Conj/Fire      #.......     30%         3    ###....
 Slow                     Hex            #.......     22%         2    ##.....
 Mephitic Cloud           Conj/Pois/Air  #.......     34%         3    ###....


Dungeon Overview and Level Annotations

Branches:
Dungeon (2/15)

Altars:


Innate Abilities, Weirdness & Mutations

You cannot wear boots.
Your serpentine skin is tough. (AC +1)
You have supernaturally acute eyesight. (SInv)
Armour fits poorly on your strangely shaped body.
Your system is resistant to poisons. (rPois)
You cover ground very slowly.
You have a slow metabolism.
You can spit poison.


Message History

You barely miss the rat.
The rat is heavily wounded.
The rat bites you but does no damage.
You closely miss the rat.
Your crimson imp disappears in a puff of smoke!
The rat bites you.
* * * LOW HITPOINT WARNING * * *
The frilled lizard bites you.
* * * LOW HITPOINT WARNING * * *
The rat bites you.
* * * LOW HITPOINT WARNING * * *
The rat bites you.
* * * LOW HITPOINT WARNING * * *
The rat bites you but does no damage.
You miss the frilled lizard. The frilled lizard barely misses you.
The rat closely misses you.
You completely miss the frilled lizard. The frilled lizard bites you.
* * * LOW HITPOINT WARNING * * *
The rat barely misses you. The frilled lizard bites you.
You die...

..... #...# ..... ###
#.>.+ +.... ### # #<#
#...# #...# #..#
#.#.#+#+##...# #..# #....
#............# ##..##.....
####.........###..........
#..........†..........'
#.........).@l......#
##............r†.....#
#....†.....###...[..##
#..........# #......#
#..........# #......#
#...................#
#...................#
#...#####...........#
#...# ######......#


You could see a frilled lizard and a rat.

Vanquished Creatures
  A dart slug (D:1)
  A leopard gecko (D:1)
  A giant cockroach (D:2)
  A goblin (D:1)
  3 hobgoblins
  5 kobolds (D:1)
  A quokka (D:2)
  A ball python (D:1)
  3 bats
  3 frilled lizards
  5 rats
25 creatures vanquished.

Vanquished Creatures (collateral kills)
  A goblin (D:1)
1 creature vanquished.

Grand Total: 26 creatures vanquished

Notes
Turn   | Place    | Note
-------+----------+-------------------------------------------
     0 | D:1      | LLavrengius the Naga Wizard began the quest for the Orb.
     0 | D:1      | Reached XP level 1. HP: 15/15 MP: 4/4
   153 | D:1      | Reached skill level 1 in Fighting
   153 | D:1      | Reached XP level 2. HP: 20/25 MP: 3/6
   206 | D:1      | Learned a level 2 spell: Call Imp
   209 | D:1      | Learned a level 2 spell: Blink
   965 | D:2      | Reached XP level 3. HP: 27/31 MP: 7/7
  1011 | D:2      | HP: 1/32 [frilled lizard (1)]
  1011 | D:2      | Slain by a frilled lizard

Vault maps used:
D:1:      sevenhm_arrival_forest_fort_large_2, minmay_misc_feat_room
D:2:      minivault_19

Skill      XL: |  1  2 |
---------------+-------+-----
Fighting       | 1 |  1.6
Conjurations   | 2 |  2.1
Maces & Flails | |  0.6
Dodging        | |  1.5
Stealth        | |  3.0
Spellcasting   | |  3.0
Summonings     | |  1.0
Translocations | |  1.0

Action                   || total
-------------------------++-------
Melee: Mace              ||    14
       Whip              ||    44
 Cast: Magic Dart        ||    22
       Call Imp          ||     2
       Blink             ||     2
 Stab: Sleeping          ||     2
Armor: Robe              ||     5
Dodge: Dodged            ||    41

Table legend:
 A = Spawn XP
 B = Non-spawn XP
 C = Spawn XP percentage of total XP
 D = Spawn monster count
 E = Non-spawn monster count
 F = Spawn count percentage of total count
 G = Total turns spent on level
                    A         B        C        D         E        F      G
               +---------+---------+-------+---------+---------+-------+---------
         Total |       0 |      43 |   0.0 |       0 |      26 |   0.0 |  1011
               +---------+---------+-------+---------+---------+-------+---------
           D:1 |       0 |      32 |   0.0 |       0 |      19 |   0.0 |   951
           D:2 |       0 |      11 |   0.0 |       0 |       7 |   0.0 |    60
               +---------+---------+-------+---------+---------+-------+---------
